groovejumper, neutral female human Wizard ------------ -----------######################### #...........| -------------- |..........# -----# ###|..........| |.....<......| |.........|###################-...|######+..........| |............| |.........-# |...-#### #|..........| ##.............| |.........| |{..| #------|---.- # |............| |.........| ------- |.{.| ##* # # ### -----.-------- -m------+-- #..0|..| |.... * # # # @ ###|..+*.| -.-.- # # ### # # # |..|..| # ## # # # ### |..|..| # ---|- ### ### -|----+----# |.....| # |...| # # |.........|# |..|..|####### # |...-### ## |.........|# |.+...|## -.------------# |...| + |.........-# -----.-## |......>.....|# ----- ----------- ### |............|# #.......%.#...-* -------------- groovejumper the Thaumaturge Experience level: 8 Strength: 9 Dexterity: 13 Constitution: 15 Intelligence: 18 Wisdom: 10 Charisma: 11 Health: 0(50) Energy: 10(76) AC: 9 Gold: 340 Moves: 4741 Your Inventory: Coins $ - 340 gold pieces Weapons a - a blessed +3 quarterstaff (weapon in hands) Armor o - an uncursed +0 helmet of brilliance (being worn) Comestibles l - an [uncursed] lizard corpse w - an [uncursed] avacado x - an [uncursed] lembas wafer y - 2 [uncursed] tripe rations B - an [uncursed] pancake Scrolls h - an uncursed scroll of identify i - an uncursed scroll of food detection j - an uncursed scroll of genocide q - 2 uncursed scrolls of magic mapping C - a cursed scroll of flood O - a cursed scroll of create monster P - an uncursed scroll of confuse monster S - 3 uncursed scrolls of punishment U - an uncursed scroll of scare monster X - an uncursed scroll of earth Spellbooks m - an uncursed spellbook of magic missile p - an [uncursed] spellbook of jumping K - an [uncursed] spellbook of haste self R - an [uncursed] spellbook of cone of cold Potions g - an uncursed potion of enlightenment r - an uncursed potion of water u - an uncursed potion of water z - an uncursed potion of see invisible H - an uncursed potion of water Rings d - an uncursed ring of polymorph control e - an uncursed ring of invisibility M - an uncursed ring of conflict Wands v - an uncursed wand of secret door detection (0:15) I - an uncursed wand of probing (0:8) J - an [uncursed] wand of teleportation [0:3] Tools n - an [uncursed] key [skeleton key] A - an uncursed towel E - an uncursed magic marker (0:38) N - an [uncursed] tin opener Gems t - an [uncursed] white gem [worthless glass] Spells known in the end: Name Level Category Fail Memory a - force bolt 1 attack 0% [|||||||.] b - magic missile 2 attack 0% [|||||||.] c - jumping 1 escape 0% [|||||||.] d - haste self 3 escape 86% [|||||||.] e - cone of cold 4 attack 0% [|||||||.] f - turn undead 6 clerical 100% [|||||||.] Your skills at the end: Fighting Skills Weapon Skills quarterstaff [Basic / Expert] Spellcasting Skills attack spells [Skilled / Expert] enchantment spells [Basic / Skilled] Final Attributes: You were piously aligned. Hunger level was 824. Your alignment was 33 / 33. Monster difficulty range was 1 - 8. Level difficulty was 8. You were telepathic. You were unlucky (-2). You are dead. Vanquished creatures: a small mimic a wolf a lynx 2 leprechauns an iron piercer an owlbear a werewolf a lizard a raven a gnome mummy a Woodland-elf 8 bugbears a wood nymph 4 mountain nymphs an Uruk-hai 6 enormous rats a shrieker a violet fungus a gnome lord a gnomish wizard 4 elf zombies 3 floating eyes 5 hill orcs 2 giant bats 7 Kop Sergeants a werejackal 3 iguanas a coyote 8 hobgoblins 4 giant rats a cave spider 4 gnomes 13 Keystone Kops a garter snake 2 geckos 9 jackals a fox 4 goblins 4 sewer rats 4 grid bugs 4 lichens 2 kobold zombies 6 newts 129 creatures vanquished. Voluntary challenges: You were an atheist. You used a wielded weapon 82 times. You read items or engraved 34 times. You put on armor 2 times. You never genocided any monsters. You never polymorphed an object. You never changed form. You used no wishes. You wrote Elbereth's name 14 times. You never encountered a bones level. You never used any Sokoban shortcuts. Dungeon overview: The Dungeons of Doom: levels 1 to 8 Level 1 a sink a long staircase Level 2 a general store Level 3 a scroll shop Level 4 stairs to The Gnomish Mines Level 5 a fountain Level 7 some fountains Level 8 <- You were here some fountains, a sink The Gnomish Mines: Level 5 stairs to The Dungeons of Doom History has recorded: On T:1 you entered the Dungeons of Doom to retrieve the Amulet of Yendor! On T:391 you reached level 2 of The Dungeons of Doom. On T:680 you advanced to experience level 2. On T:838 you advanced to experience level 3. On T:889 you advanced to experience level 4. On T:899 you advanced to experience level 5. On T:905 you reached level 3 of The Dungeons of Doom. On T:1353 you advanced to experience level 6. On T:1607 you reached level 4 of The Dungeons of Doom. On T:1739 you advanced to experience level 7. On T:1889 you reached level 1 of The Gnomish Mines. On T:1995 you reached level 5 of The Dungeons of Doom. On T:2407 you reached level 6 of The Dungeons of Doom. On T:3349 you advanced to experience level 8. On T:3403 you reached level 7 of The Dungeons of Doom. On T:4326 you reached level 8 of The Dungeons of Doom. Latest messages: [HP-3=6] You kill the wolf! You see here a wolf corpse. [HP+1=7] [HP+1=8] [HP+1=9] [HP+1=10] [HP+1=11] You see here a spellbook of jumping. [HP+1=12] [HP+1=13] [HP+1=14] [HP+1=15] [HP+1=16] You hear crickets chirping. [HP+1=17] [HP+1=18] The door actually was a small mimic! The small mimic hits! [HP-12=6] You miss the small mimic. You hit the small mimic! [HP+1=7] You hit the small mimic! (2x) The small mimic hits! You die... Final status: Goodbye groovejumper the Wizard... You died in The Dungeons of Doom on dungeon level 8 with 6886 points, and 340 pieces of gold, after 4741 moves. You were level 8 with a maximum of 50 hit points when you died.